 Dungeon Crawl Stone Soup version 0.29.0-5-ge4962eb29e (webtiles) character file.

Game seed: 17597078425918614356

110 themarg the Caller (level 4, 0/30 HPs)
             Began as a Merfolk Summoner on Aug 28, 2022.
             Slain by an orc
             ... wielding a +0 club
              (3 damage)
             ... on level 3 of the Dungeon.
             The game lasted 00:13:54 (2830 turns).

themarg the Caller (Merfolk Summoner)               Turns: 2830, Time: 00:13:55

Health: 0/30       AC:  3    Str:  8    XL:     4   Next: 91%
Magic:  1/8        EV: 13    Int: 16    God:
Gold:   85         SH:  0    Dex: 14    Spells: 4/8 levels left

rFire   . . .      SeeInvis .   c - +0 short sword
rCold   . . .      Faith    .   (no shield)
rNeg    . . .      Spirit   .   a - +0 robe
rPois   .          Reflect  .   (no helmet)
rElec   .          Harm     .   e - scarf {+Inv}
rCorr   .          Rampage  .   p - +0 pair of gloves
Will    .....                   (no boots)
Stlth   ++........              (no amulet)
HPRegen 0.10/turn               (no ring)
MPRegen 0.11/turn               (no ring)

@: no status effects
A: (nimble swimmer 2), mertail
a: Evoke Invisibility


You were on level 3 of the Dungeon.
You visited 1 branch of the dungeon, and saw 3 of its levels.

You collected 85 gold pieces.

Inventory:

Hand Weapons
 c - a +0 short sword (weapon)
Missiles
 m - 4 poisoned darts
Armour
 a - a +0 robe (worn)
 e - a scarf of invisibility (worn)
 p - a +0 pair of gloves (worn)
Jewellery
 g - a ring of ice
 n - a ring of fire
Scrolls
 d - a scroll of immolation {unknown}
 f - 2 scrolls of torment {unknown}
 h - 2 scrolls of identify {unknown}
 i - 3 scrolls of teleportation {unknown}
 k - a scroll of noise {unknown}
Potions
 b - a potion of magic
 j - a potion of might {unknown}
 l - a potion of cancellation {unknown}
 o - a potion of berserk rage {unknown}
 q - a potion of curing {unknown}


   Skills:
 + Level 3.7 Dodging
 + Level 3.2 Stealth
 * Level 2.9 Spellcasting
 * Level 4.7 Summonings


You had 4 spell levels left.
You knew the following spells:

 Your Spells              Type           Power      Damage    Failure   Level
a - Summon Small Mammal   Summ           68%        N/A       2%          1
b - Call Canine Familiar  Summ           17%        N/A       8%          3

Your spell library contained the following spells:

 Spells                   Type           Power      Damage    Failure   Level
 Call Imp                 Summ           17%        N/A       4%          2
 Summon Guardian Golem    Hex/Summ       9%         N/A       22%         3
 Summon Lightning Spire   Summ/Air       9%         N/A       56%         4


Dungeon Overview and Level Annotations

Branches:
Dungeon (3/15)

Altars:
The Shining One


Innate Abilities, Weirdness & Mutations

((You are very nimble when in or above water. (Stealth+, EV+, Speed+++)))
Your lower body shifts to a powerful aquatic tail in water.


Message History

The puff of flame hits your hound!
Your hound bites something.
You hit the orc priest.
You kill the orc priest!
Your hound closely misses something.
A magic dart appears from out of thin air!
The magic dart hits your hound. The orc hits you but does no damage.
Your hound barely misses something.
You hit the orc but do no damage. The orc misses your hound.
Something barely misses your hound. Something hits you.
Your hound bites something but does no damage.
The orc hits you but does no damage. Something hits you.
The orc hits you with a +0 club.
You hear some strange, mumbled words.
A puff of flame appears from out of thin air!
The puff of flame hits your hound!
Your hound dies!
Your hound's corpse disappears in a puff of smoke!
The orc attacks as you move away! The orc hits you with a +0 short sword.
* * * LOW HITPOINT WARNING * * *
You hear some strange, mumbled words.
Casting: Call Canine Familiar (quite dangerous; 8% risk of failure)
Confirm with . or Enter, or press ? or * to list all spells.
The spell is quite dangerous to miscast (8% risk of failure)!
Continue anyway?
The orc hits you but does no damage. Something hits you.
* * * LOW HITPOINT WARNING * * *
You hear some strange, mumbled words.
A puff of flame appears from out of thin air!
The puff of flame hits something.
Your hound misses something.
Something hits your hound but does no damage.
The orc attacks as you move away! The orc hits you with a +0 club.
* * * LOW HITPOINT WARNING * * *
Your hound barely misses something. x2
Your hound bites something but does no damage.
The orc attacks as you move away! The orc hits you with a +0 club.
* * * LOW HITPOINT WARNING * * *
Your hound bites something but does no damage.
Your hound misses something. The orc attacks as you move away!
The orc hits you with a +0 club.
You die...

.........###.... .#.#............
{......h)....... ....o##.o###....
.... ##{# . . #. #.## ...##..##
#....#.o# ....##..#@###
#...#.###.....### .
...#.#####.#...# #.#
#.#............#.## #.#
#..............#..### #####
#.####.#............#...#####....
....#.........#.#.#.#.#.#.#.#.#..
#.#...#....#.....................
..........)...#.#.#<#)#.#.#.#.#..


You could see 2 orcs and a friendly hound (summoned).

Vanquished Creatures
  An orc priest (D:3)
  A dart slug (D:1)
  A ball python (D:3)
  3 endoplasms
  2 giant cockroaches (D:1)
  A goblin (D:3)
  A hobgoblin (D:1)
  2 jackals (D:2)
  A quokka (D:2)
  3 bats
  2 frilled lizards (D:1)
  2 kobolds
  4 rats (D:1)
24 creatures vanquished.

Vanquished Creatures (collateral kills)
  An adder (D:3)
  A dart slug (D:1)
  3 bats
  3 endoplasms
  A giant cockroach (D:1)
  2 goblins (D:2)
  2 hobgoblins (D:1)
  6 jackals
  2 quokkas
  7 ball pythons
  A goblin zombie (D:3)
  3 hobgoblin zombies (D:3)
  3 kobolds
  A kobold zombie (D:3)
  2 orc skeletons (D:3)
  An orc zombie (D:3)
  A rat (D:1)
40 creatures vanquished.

Vanquished Creatures (others)
  4 plants (D:1)
4 creatures vanquished.

Grand Total: 68 creatures vanquished

Notes
Turn   | Place    | Note
-------+----------+-------------------------------------------
     0 | D:1      | themarg the Merfolk Summoner began the quest for the Orb.
     0 | D:1      | Reached XP level 1. HP: 13/13 MP: 3/3
   136 | D:1      | Reached XP level 2. HP: 9/19 MP: 1/5
   665 | D:1      | Reached XP level 3. HP: 24/24 MP: 3/6
   692 | D:1      | Learned a level 3 spell: Call Canine Familiar
  1628 | D:2      | Found a faded altar of an unknown god.
  2000 | D:3      | Reached XP level 4. HP: 30/30 MP: 3/7
  2172 | D:3      | Found a glowing golden altar of the Shining One.
  2830 | D:3      | Slain by an orc

Illustrated notes

Levels and vault maps discovered:
D:1:      wheals_arrival_shading, layout_rooms, serial_bayou,
          serial_bayou_pond_d, serial_bayou_pond_c, serial_bayou_pond_c,
          serial_bayou_ford_a, minmay_fountain_box, minmay_misc_feat_room
D:2:      layout_loops_cross, basic_ecumenical_altar
D:3:      layout_rooms, nicolae_tso_besieged_by_evil, nicolae_ru_awakened_eye,
          st_stairs_11, minmay_misc_feat_pillars

Skill      XL: |  1  2  3 |
---------------+----------+-----
Dodging        | 3 |  3.7
Stealth        | 3 |  3.2
Spellcasting   | |  2.9
Summonings     | |  4.7

Action                   |  1- 3 |  4- 6 || total
-------------------------+-------+-------++-------
Melee: Short sword       |    68 |    57 ||   125
       Unarmed           |     2 |       ||     2
       Tailslap          |     2 |       ||     2
       Punch             |       |     1 ||     1
 Cast: Summon Small Mamm |    27 |     3 ||    30
       Call Canine Famil |    10 |     9 ||    19
  Use: Potion            |     1 |       ||     1
 Stab: Distracted        |     1 |       ||     1
       Sleeping          |     2 |       ||     2
Armor: Robe              |    11 |    12 ||    23
Dodge: Dodged            |    51 |    32 ||    83
